 Dungeon Crawl Stone Soup version 0.22.0-27-ga576289 (webtiles) character file.

3492 Fondut the Cleaver (level 10, -8/90 HPs)
             Began as a Hill Orc Monk on Aug 21, 2018.
             Was a Priest of Beogh.
             Killed by the air
             ... invoked by Gastronok
              (26 damage)
             ... on level 8 of the Dungeon.
             The game lasted 00:19:56 (7505 turns).

Fondut the Cleaver (Hill Orc Monk)                  Turns: 7505, Time: 00:19:56

Health: -8/90      AC: 18    Str: 18    XL:     10   Next: 7%
Magic:  15/15      EV:  8    Int: 10    God:    Beogh [***...]
Gold:   344        SH:  0    Dex: 13    Spells: 9/9 levels left

rFire    . . .     SeeInvis .   y - +0 war axe
rCold    . . .     Gourm    .   (no shield)
rNeg     + . .     Faith    .   G - +0 chain mail
rPois    .         Spirit   .   F - +0 helmet
rElec    .         Reflect  .   a - +1 cloak
rCorr    .         Harm     .   s - +0 pair of gloves
MR       .....                  n - +0 pair of boots
Stlth    ..........             p - amulet of the acrobat
HPRegen  0.25/turn              f - ring of positive energy
MPRegen  0.14/turn              k - +2 ring of protection

@: slowed, very slow
A: no striking features
a: Smiting, Renounce Religion


You were on level 8 of the Dungeon.
You worshipped Beogh.
Beogh was most pleased with you.
You were not hungry.

You visited 1 branch of the dungeon, and saw 8 of its levels.

You collected 344 gold pieces.

Inventory:

Hand Weapons
 y - a +0 war axe (weapon)
 C - a +0 flail
 I - a +0 trident
Missiles
 d - 317 stones (quivered)
Armour
 a - a +1 cloak (worn)
 n - a +0 pair of boots (worn)
 s - a +0 pair of gloves (worn)
 F - a +0 helmet (worn)
 G - a +0 chain mail (worn)
Jewellery
 f - a ring of positive energy (left hand)
 k - a +2 ring of protection (right hand)
 p - an amulet of the acrobat (around neck)
 x - an uncursed ring of flight {unknown}
 L - an uncursed amulet of regeneration {unknown}
Wands
 h - a wand of iceblast (21)
Scrolls
 b - 5 scrolls of teleportation
 j - a scroll of holy word {unknown}
 l - 4 scrolls of identify
 r - a scroll of enchant armour {unknown}
 t - a scroll of magic mapping
 u - 2 scrolls of random uselessness {unknown}
 v - 2 scrolls of fog {unknown}
 z - a scroll of fear
 A - a scroll of blinking {unknown}
 H - a scroll of enchant weapon {unknown}
 J - 3 scrolls of amnesia {unknown}
Potions
 e - 2 potions of heal wounds
 g - a potion of flight {unknown}
 i - 2 potions of haste {unknown}
 m - 2 potions of might
 o - 2 potions of lignification {unknown}
 q - 3 potions of curing {unknown}
 w - 2 potions of ambrosia {unknown}
 B - 2 potions of brilliance {unknown}
 D - a potion of agility {unknown}
 K - a potion of magic {unknown}
Comestibles
 c - 8 rations


   Skills:
 + Level 8.8 Fighting
 * Level 12.6 Axes
 - Level 5.7 Armour
 - Level 2.4 Dodging
 - Level 1.5 Stealth
 + Level 7.3 Invocations


You had 9 spell levels left.
You didn't know any spells.
Your spell library contained the following spells:

 Spells                   Type           Power        Failure   Level  Hunger
 Beastly Appendage        Tmut           #.....       99%         1    ##.....
 Magic Dart               Conj           #...         99%         1    ##.....
 Searing Ray              Conj           #.....       100%        2    ###....
 Sticks to Snakes         Tmut           #.......     100%        2    ###....
 Dazzling Spray           Conj/Hex       #.....       100%        3    ####...
 Spider Form              Tmut/Pois      #.........   100%        3    ####...
 Force Lance              Conj/Tloc      #.......     100%        4    #####..
 Fulminant Prism          Conj/Hex       #.........   100%        4    #####..
 Ice Form                 Ice/Tmut       #.......     100%        4    #####..
 Iskenderun's Mystic Bla  Conj           #.......     100%        4    #####..
 Blade Hands              Tmut           #.........   100%        5    ######.


Dungeon Overview and Level Annotations

Branches:
Dungeon (8/15)             Temple (0/1) D:4            Lair (0/6) D:8

Altars:
Dithmenos
Elyvilon
Ru

Annotations:
D:6 3 runed doors, razzle's ghost, novice MfGl
D:8 1 runed door, Gastronok


Message History

You completely miss the wraith.
The wraith is almost destroyed.
The wraith hits you.
* * * LOW HITPOINT WARNING * * *
The wraith drains your vigour!
You feel as though you will be slow longer.
Unknown command.
You slash the wraith!
You destroy the wraith!
Beogh accepts your kill.
Your life force feels restored.
You slash the wight!
The wight is almost destroyed.
The wight hits you but does no damage.
You hit the wight but do no damage.
The wight is almost destroyed.
The wight hits you but does no damage.
Gastronok waves his eye-stalks in wide circles.
The air twists around and strikes you!
You die...

...........................##....
.....).............###.....#####.
............##.......#......####.
##+#####.............#......##...
##......#............#.......#...
##............o.........>........
.............###...###...........
.............# #.### #.....##.###
.............# #@# #.....##...#
............####z## #.....##....
........##### #8W8###########....
...###### ##W##...## #.... ...#
#.#.....# #.... #### ##z##...#
##... #'##w.[##'# #...
#.........## #### #..###'###.z#+
#


You could see Gastronok, 2 wraiths and 2 wights.

Vanquished Creatures
  A two-headed ogre (D:8)
  2 hippogriffs (D:7)
  Sigmund (D:6)
  A wraith (D:8)
  Menkaure (D:5)
  Duvessa (D:6)
  An orc warrior (D:8)
  An ice beast (D:5)
  A sky beast (D:8)
  2 ogres
  2 phantoms
  A bullfrog (D:6)
  Dowan (D:6)
  A scorpion (D:6)
  5 killer bees (D:7)
  A howler monkey (D:4)
  2 wights (D:8)
  3 crimson imps
  A jelly (D:7)
  7 hounds
  2 orc priests
  An orc wizard (D:3)
  4 worker ants
  A worker ant zombie (D:8)
  17 adders
  4 shadow imps
  5 worms
  4 dart slugs
  3 leopard geckos
  12 orcs
  2 ball pythons
  7 giant cockroaches
  8 goblins
  11 hobgoblins
  9 jackals
  4 quokkas
  A ball python skeleton (D:4)
  13 bats
  4 frilled lizards
  A jackal skeleton (D:6)
  11 kobolds
  A leopard gecko skeleton (D:5)
  8 rats
169 creatures vanquished.

Vanquished Creatures (others)
  An iguana (D:4)
  3 orcs
4 creatures vanquished.

Grand Total: 173 creatures vanquished

Notes
Turn   | Place    | Note
-------+----------+-------------------------------------------
     0 | D:1      | Fondut the Hill Orc Monk began the quest for the Orb.
     0 | D:1      | Reached XP level 1. HP: 19/19 MP: 1/1
    65 | D:1      | Reached XP level 2. HP: 22/27 MP: 2/2
   302 | D:1      | Reached skill level 5 in Axes
   374 | D:1      | Reached XP level 3. HP: 32/33 MP: 3/3
   813 | D:2      | Reached XP level 4. HP: 36/41 MP: 4/4
  1103 | D:2      | Reached skill level 6 in Axes
  1546 | D:2      | Found a faded altar of an unknown god.
  1630 | D:3      | Reached XP level 5. HP: 42/47 MP: 5/5
  1802 | D:3      | Found a sacrificial altar of Ru.
  1903 | D:3      | Reached skill level 5 in Fighting
  1979 | D:3      | Reached skill level 7 in Axes
  2054 | D:3      | You fall through a shaft!
  2086 | D:4      | Reached XP level 6. HP: 56/56 MP: 6/6
  2431 | D:4      | Became a worshipper of Beogh the Brigand
  2431 | D:4      | Reached * piety under Beogh
  2431 | D:4      | Reached ** piety under Beogh
  2706 | D:4      | Found a staircase to the Ecumenical Temple.
  2798 | D:4      | Reached skill level 1 in Invocations
  3089 | D:4      | Reached skill level 1 in Armour
  3350 | D:4      | Reached skill level 8 in Axes
  3646 | D:5      | Entered Level 5 of the Dungeon
  3732 | D:5      | Found a white marble altar of Elyvilon.
  3847 | D:5      | Reached XP level 7. HP: 61/62 MP: 8/8
  4179 | D:5      | Noticed Menkaure
  4192 | D:5      | Killed Menkaure
  4325 | D:5      | Reached skill level 9 in Axes
  4527 | D:5      | Reached XP level 8. HP: 71/71 MP: 10/10
  4890 | D:6      | Noticed Sigmund
  4908 | D:6      | Killed Sigmund
  5250 | D:6      | Found a runed gate.
  5250 | D:6      | Found a runed gate.
  5250 | D:6      | Found a runed gate.
  5335 | D:6      | Reached skill level 10 in Axes
  5347 | D:6      | Noticed Dowan
  5349 | D:6      | Noticed Duvessa
  5369 | D:6      | Killed Duvessa
  5381 | D:6      | Killed Dowan
  5460 | D:6      | Reached skill level 5 in Invocations
  5747 | D:6      | Noticed razzle's ghost (novice MfGl)
  5804 | D:7      | Reached *** piety under Beogh
  5825 | D:7      | Noticed a hippogriff
  5827 | D:7      | Reached XP level 9. HP: 79/79 MP: 12/12
  5839 | D:7      | Reached skill level 11 in Axes
  6132 | D:7      | Reached skill level 5 in Armour
  6882 | D:8      | Noticed a two-headed ogre
  6886 | D:8      | Killed a two-headed ogre
  6886 | D:8      | Reached skill level 12 in Axes
  7002 | D:8      | Found a staircase to the Lair.
  7078 | D:8      | Noticed Gastronok
  7403 | D:8      | Reached XP level 10. HP: 76/90 MP: 15/15
  7443 | D:8      | Found a shadowy altar of Dithmenos.
  7455 | D:8      | Found a runed door.
  7505 | D:8      | Killed from afar by Gastronok

Skill      XL: |  1  2  3  4  5  6  7  8  9 |
---------------+----------------------------+-----
Fighting       | 4 5 6 7 8 |  8.8
Axes           | 5 6 7 8 9 10 12 | 12.6
Invocations    | 1 3 5 7 |  7.3
Armour         | 1 2 4 5 |  5.7
Dodging        | |  2.4
Stealth        | |  1.5

Action                   |  1- 3 |  4- 6 |  7- 9 | 10-12 || total
-------------------------+-------+-------+-------+-------++-------
Melee: Hand axe          |    36 |       |       |       ||    36
       Spear             |    65 |   165 |       |       ||   230
       War axe           |       |   119 |   291 |    32 ||   442
Throw: Stone             |     5 |       |       |       ||     5
Invok: Convert to Beogh  |       |     1 |       |       ||     1
       Smiting           |       |       |     5 |       ||     5
  Use: Scroll            |       |       |     6 |       ||     6
       Potion            |       |       |     2 |       ||     2
 Stab: Sleeping          |     1 |     1 |       |       ||     2
  Eat: Chunk             |       |    10 |     7 |     1 ||    18
       Ration            |       |       |     1 |       ||     1
Armor: Robe              |     3 |       |       |       ||     3
       Ring mail         |    23 |    87 |    10 |       ||   120
       Chain mail        |       |       |   202 |    15 ||   217
Dodge: Dodged            |    49 |   160 |   138 |    17 ||   364
